 Dungeon Crawl Stone Soup version 0.24-a0-584-g9d6b971ae4 (webtiles) character file.

Game seed: 1275056515022176419, levelgen mode: deterministic

27 Mithandil the Skirmisher (level 2, -1/24 HPs)
             Began as a Demonspawn Abyssal Knight on Sept 6, 2019.
             Was a Follower of Lugonu.
             Slain by a worm (9 damage)
             ... on level 2 of the Dungeon.
             The game lasted 00:04:33 (1122 turns).

Mithandil the Skirmisher (DsAK)                     Turns: 1122, Time: 00:04:33

Health: -1/24      AC:  6    Str: 12    XL:     2   Next: 93%
Magic:  4/4        EV:  9    Int: 19    God:    Lugonu [*.....]
Gold:   38         SH:  0    Dex: 12    Spells: 1/1 levels left

rFire    . . .     SeeInvis .   a - +1 falchion
rCold    . . .     Gourm    .   (no shield)
rNeg     . . .     Faith    .   m - +0 scale mail
rPois    .         Spirit   .   (no helmet)
rElec    .         Reflect  .   (no cloak)
rCorr    .         Harm     .   (no gloves)
MR       .....                  (no boots)
Stlth    ..........             (no amulet)
HPRegen  0.08/turn              f - +6 ring of intelligence
MPRegen  0.09/turn              (no ring)

@: no status effects
A: rot immunity
a: Depart the Abyss, Renounce Religion


You were on level 2 of the Dungeon.
You worshipped Lugonu.
Lugonu was aware of your devotion.
You were not hungry.

You visited 1 branch of the dungeon, and saw 3 of its levels.
You visited the Abyss 1 time.

You collected 38 gold pieces.

Inventory:

Hand Weapons
 a - a +1 falchion (weapon)
 h - a +0 spear
Missiles
 e - 26 stones (quivered)
 i - 33 arrows
Armour
 b - a +0 leather armour
 m - a +0 scale mail (worn)
Jewellery
 f - a +6 ring of intelligence (left hand)
Scrolls
 g - 4 scrolls of identify {unknown}
 l - a scroll of magic mapping {unknown}
Potions
 k - a potion of brilliance
Comestibles
 c - 2 rations
 d - 5 chunks of flesh


   Skills:
 * Level 3.3 Fighting
 * Level 2.2 Long Blades
 - Level 1.7 Armour
 + Level 1.2 Dodging
 + Level 0.4 Stealth
 + Level 0.4 Unarmed Combat
 + Level 2.7 Invocations


You had one spell level left.
You didn't know any spells.
Your spell library was empty.

Dungeon Overview and Level Annotations

Branches:
Dungeon (3/15)

Altars:


Innate Abilities, Weirdness & Mutations

You are immune to rotting.


Message History

The worm is lightly wounded.
You hit the worm.
The worm is moderately wounded.
The worm bites you!
You hit the worm.
The worm is heavily wounded.
The worm bites you.
* * * LOW HITPOINT WARNING * * *
You barely miss the worm.
The worm is heavily wounded.
Your scale mail prevents you from hitting the worm.
The worm is heavily wounded.
The worm closely misses you.
Your scale mail prevents you from hitting the worm.
The worm is moderately wounded.
The worm bites you but does no damage.
You completely miss the worm.
The worm is moderately wounded.
The worm bites you!
You die...

#.......#
#....)..##
#####....# #..#.#
#....# ......#..#
......#..#
.......#..#
.......#.@#
..........w.....#
.###............#
##+#........$#
..........#
...#######.# ....
. #....


You could see a worm.

Vanquished Creatures
  A dart slug (D:3)
  A leopard gecko (D:1)
  A giant cockroach (D:2)
  6 goblins
  2 hobgoblins
  3 jackals (D:1)
  3 bats
  A frilled lizard (D:1)
  A kobold (D:2)
  3 rats (D:1)
22 creatures vanquished.

Notes
Turn   | Place    | Note
-------+----------+-------------------------------------------
     0 | Abyss:1  | Mithandil the Demonspawn Abyssal Knight began the quest for
                  | the Orb.
     0 | Abyss:1  | Reached XP level 1. HP: 18/18 MP: 2/2
    50 | Abyss:1  | Noticed a large abomination
    51 | D:1      | Escaped the Abyss
   183 | D:1      | Reached skill level 1 in Dodging
   189 | D:1      | Reached * piety under Lugonu
   189 | D:1      | Gained mutation: You are immune to rotting. [demonic
                  | ancestry]
   189 | D:1      | Reached XP level 2. HP: 23/24 MP: 3/3
  1122 | D:2      | Slain by a worm

Levels and vault maps discovered:
D:1:      eino_arrival_cavern_d, layout_basic, minmay_door_square
D:2:      layout_basic, kiku_gazebo_pond_becter, first_ration
D:3:      layout_basic, lemuel_round_altar, ebering_ghost_disaster_area

Skill      XL: |  1 |
---------------+----+-----
Long Blades    | 2 |  2.2
Dodging        | 1 |  1.2
Fighting       | |  3.3
Armour         | |  1.7
Stealth        | |  0.4
Unarmed Combat | |  0.4
Invocations    | |  2.7

Action                   || total
-------------------------++-------
Melee: Falchion          ||    69
Invok: Depart the Abyss  ||     1
  Use: Potion            ||     2
  Eat: Chunk             ||     1
Armor: Leather armour    ||    12
       Scale mail        ||     8
Dodge: Dodged            ||    41
       Rpst.: Falchion   ||    14

Table legend:
 A = Non-vault XP
 B = Vault XP
 C = Vault XP percentage of total XP
 D = Non-vault monster count
 E = Vault monster count
 F = Vault count percentage of total count
                 A         B        C        D         E       F
            +---------+---------+-------+---------+---------+-------
      Total |      39 |       0 |   0.0 |      22 |       0 |   0.0
            +---------+---------+-------+---------+---------+-------
        D:1 |      20 |       0 |   0.0 |      12 |       0 |   0.0
        D:2 |      12 |       0 |   0.0 |       7 |       0 |   0.0
        D:3 |       7 |       0 |   0.0 |       3 |       0 |   0.0
            +---------+---------+-------+---------+---------+-------
